 Dungeon Crawl Stone Soup version 0.25-a0-890-g62861fb (webtiles) character file.

Game seed: 8406840796211080423, levelgen mode: deterministic

112 AtlasWard the Cudgeler (level 4, -3/28 HPs)
             Began as a Gargoyle Gladiator on May 8, 2020.
             Killed by divine providence
             ... invoked by an orc priest
              (14 damage)
             ... on level 3 of the Dungeon.
             The game lasted 00:05:28 (2323 turns).

AtlasWard the Cudgeler (Gargoyle Gladiator)         Turns: 2323, Time: 00:05:29

Health: -3/28      AC: 15    Str: 18    XL:     4   Next: 95%
Magic:  4/4        EV:  6    Int:  9    God:
Gold:   86         SH:  0    Dex: 11    Spells: 3/3 levels left

rFire    . . .     SeeInvis .   h - +0 whip
rCold    . . .     Gourm    .   (no shield)
rNeg     + . .     Faith    .   g - +0 plate armour
rPois    ∞         Spirit   .   c - +0 helmet
rElec    +         Reflect  .   (no cloak)
rCorr    .         Harm     .   (no gloves)
MR       .....                  (no boots)
Stlth    ..........             (no amulet)
HPRegen  0.09/turn              (no ring)
MPRegen  0.09/turn              (no ring)

@: no status effects
A: negative energy resistance 1, electricity resistance, unbreathing,
petrification resistance, rot immunity, AC +3
a: no special abilities


You were on level 3 of the Dungeon.
You were not hungry.

You visited 1 branch of the dungeon, and saw 3 of its levels.

You collected 86 gold pieces.

Inventory:

Hand Weapons
 a - a +0 flail
 h - a +0 whip (weapon)
Missiles
 d - 3 throwing nets (quivered)
Armour
 b - a +0 leather armour
 c - a +0 helmet (worn)
 g - a +0 plate armour (worn)
Scrolls
 e - 3 scrolls of random uselessness {unknown}
 j - a scroll of fear {unknown}
 k - 2 scrolls of identify {unknown}
Comestibles
 f - 6 rations


   Skills:
 + Level 3.2 Fighting
 * Level 4.4 Maces & Flails
 - Level 1.7 Throwing
 + Level 2.1 Armour
 - Level 2.4 Dodging


You had 3 spell levels left.
You didn't know any spells.
Your spell library was empty.

Dungeon Overview and Level Annotations

Branches:
Dungeon (3/15)

Altars:
Hepliaklqana
Kikubaaqudgha


Innate Abilities, Weirdness & Mutations

You are resistant to torment.
Your stone body is resilient. (AC +3)
You are immune to poison.
You resist negative energy. (rN+)
You are resistant to electric shocks. (rElec)
You can survive without breathing.
You are immune to petrification.
You are immune to rotting.


Message History

You hit the orc priest but do no damage.
The orc priest is severely wounded.
The orc priest hits you but does no damage.
You hit the orc priest but do no damage.
The orc priest is severely wounded.
The orc priest looks encouraged for a moment.
You closely miss the orc priest.
The orc priest is severely wounded.
Your plate armour prevents you from hitting the orc priest.
The orc priest is severely wounded.
The orc priest barely misses you.
You closely miss the orc priest.
The orc priest is severely wounded.
The orc priest hits you but does no damage.
Your plate armour prevents you from hitting the orc priest.
The orc priest is severely wounded.
The orc priest mumbles some strange prayers to Beogh against you.
Beogh smites you!
Ouch! That really hurt!
You die...

###########
#.........#
#.#######.# #.#
#.########## #<#
#####.o.........
#.# #.[.......#
#.
###.###.###<###.#
#. #....@oo# #.#
##> #.#.#######.#
#.####..
#.#.........#
#.......
#..).#########.#
######.. ######
#.#########.
#...........
############


You could see an orc priest and an orc.

Vanquished Creatures
  An orc priest (D:2)
  An adder (D:3)
  A gnoll (D:1)
  A worm (D:2)
  2 dart slugs
  A leopard gecko (D:3)
  2 orcs (D:3)
  3 giant cockroaches (D:2)
  4 goblins
  11 hobgoblins
  3 jackals (D:2)
  5 kobolds
  A ball python (D:2)
  7 bats
  3 frilled lizards (D:1)
  9 rats
55 creatures vanquished.

Notes
Turn   | Place    | Note
-------+----------+-------------------------------------------
     0 | D:1      | AtlasWard the Gargoyle Gladiator began the quest for the
                  | Orb.
     0 | D:1      | Reached XP level 1. HP: 12/12 MP: 1/1
   152 | D:1      | Reached XP level 2. HP: 18/18 MP: 2/2
   244 | D:1      | Reached skill level 1 in Armour
   520 | D:1      | Reached XP level 3. HP: 7/22 MP: 3/3
  1723 | D:2      | Reached skill level 4 in Maces & Flails
  1775 | D:2      | Found an ancient bone altar of Kikubaaqudgha.
  1775 | D:2      | Found a hazy altar of Hepliaklqana.
  1918 | D:3      | Reached XP level 4. HP: 27/27 MP: 4/4
  2323 | D:3      | Killed from afar by an orc priest

Levels and vault maps discovered:
D:1:      tarquinn_simple_flora_water_b, layout_basic
D:2:      kb_forest_paths, layout_basic, amethyst_overflow_temple_binary,
          first_ration, grunt_ministairs_13
D:3:      layout_loops_ring, minmay_misc_feat_chi, uniq_grinder, uniq_sigmund

Skill      XL: |  1  2  3  4 |
---------------+-------------+-----
Armour         | 1 2 |  2.1
Maces & Flails | 4 |  4.4
Fighting       | 3 |  3.2
Throwing       | |  1.7
Dodging        | |  2.4

Action                   |  1- 3 |  4- 6 || total
-------------------------+-------+-------++-------
Melee: Flail             |    55 |       ||    55
       Whip              |   109 |   111 ||   220
  Eat: Chunk             |     3 |     2 ||     5
Armor: Leather armour    |    27 |       ||    27
       Plate armour      |    57 |    67 ||   124
Dodge: Dodged            |    68 |    22 ||    90

Table legend:
 A = Non-vault XP
 B = Vault XP
 C = Vault XP percentage of total XP
 D = Non-vault monster count
 E = Vault monster count
 F = Vault count percentage of total count
                 A         B        C        D         E       F
            +---------+---------+-------+---------+---------+-------
      Total |     150 |      11 |   6.8 |      47 |       8 |  14.5
            +---------+---------+-------+---------+---------+-------
        D:1 |      47 |       0 |   0.0 |      21 |       0 |   0.0
        D:2 |      65 |      11 |  14.5 |      13 |       8 |  38.1
        D:3 |      38 |       0 |   0.0 |      13 |       0 |   0.0
            +---------+---------+-------+---------+---------+-------
